[Event "DEN-chT XtraCon 2018-19"]
[Site "Denmark"]
[Date "2019.03.17"]
[Round "9"]
[White "Borovnica, Tihomir"]
[Black "Lindgren, Philip"]
[Result "1-0"]
[ECO "D37"]
[WhiteElo "2226"]
[BlackElo "2383"]
[Annotator "NA"]
[PlyCount "111"]
[EventDate "2018.10.27"]
[EventType "team-tourn"]
[EventCountry "DEN"]
[SourceTitle "playchess.com"]
[Source "ChessBase"]
[SourceQuality "1"]
[TimeControl "40/5400+30:1800+30"]

1. d4 Nf6 2. c4 e6 3. Nf3 d5 4. Nc3 Nbd7 5. Bg5 h6 6. Bxf6 Nxf6 7. e3 Be7 8. c5 {[%emt 0:04:37] D53: Queen's Gambit Declined: 4 Bg5 Be7: Early deviations} (8. Bd3 dxc4 9. Bxc4 a6 10. O-O c5 11. Ne5 O-O 12. Bb3 Qc7 13. Rc1 b6 14. f4 Bb7 15. f5 Bd6 16. fxe6 Bxe5 17. exf7+ {1-0 (23) Fressinet,L (2693)-Mastrovasilis,D (2584) Aix les Bains 2011}) 8... c6 9. Ne5 $146 ({Predecessor:} 9. Bd3 O-O 10. O-O b6 11. b4 a5 12. a3 Nd7 13. Nd2 e5 14. Bf5 exd4 15. exd4 Nf6 {1-0 (33) Kuehner,T (1412)-Patzak,C (1172) Frankfurt 2013}) 9... Nd7 10. f4 Nxe5 11. fxe5 O-O 12. Bd3 f6 13. exf6 (13. Qh5 $11) 13... Rxf6 14. Qh5 Bd7 15. O-O-O Qe8 16. Qe5 b6 17. cxb6 axb6 18. Rdf1 b5 19. Kb1 (19. a3 $15) 19... Qb8 20. Qh5 b4 21. Ne2 Qa7 22. Nc1 Raf8 23. Rxf6 Rxf6 24. Nb3 Qb8 25. Rc1 Be8 26. Qh3 e5 27. g3 e4 28. Be2 $15 Kh7 29. Qg2 Bg6 30. Qg1 Qf8 31. Nc5 Bf5 32. Ba6 Bh3 33. Qe1 Rf2 34. Qxb4 Rxh2 35. a4 Qf2 36. Qb3 Qxg3 37. Bb7 Bd8 38. Bxc6 Re2 39. Bxd5 Rxe3 40. Bxe4+ Kh8 41. Qd5 Qh4 42. Bc2 Qe7 43. Qa8 Qf6 44. a5 Re8 45. a6 Qxd4 46. Qc6 Re2 47. Qg6 Rxc2 48. Qxc2 Bb6 49. Rd1 Qf6 50. Ne4 Qf3 51. a7 Qf8 52. Nd6 Bxa7 53. Nf7+ Kg8 54. Rd8 Kxf7 55. Qc4+ Be6 56. Qf4+ 1-0

[Event "DEN-chT XtraCon 2018-19"]
[Site "Denmark"]
[Date "2019.03.17"]
[Round "9"]
[White "Vesterli, Michael E."]
[Black "Pedersen, Lars"]
[Result "1-0"]
[ECO "D38"]
[WhiteElo "2204"]
[BlackElo "2093"]
[Annotator "NA"]
[PlyCount "61"]
[EventDate "2018.10.27"]
[EventType "team-tourn"]
[EventCountry "DEN"]
[SourceTitle "playchess.com"]
[Source "ChessBase"]
[SourceQuality "1"]
[TimeControl "40/5400+30:1800+30"]

1. d4 Nf6 2. c4 e6 3. Nf3 d5 4. Nc3 Bb4 5. Bg5 O-O 6. e3 c5 7. Qc2 Nbd7 8. cxd5 exd5 9. Be2 Qa5 10. O-O Bxc3 {[%emt 0:02:21] D38: Queen's Gambit Declined: Ragozin Defence (4 Nf3 Bb4)} 11. bxc3 Ne4 12. Bd3 (12. c4 Nxg5 13. Nxg5 Nf6 14. Nf3 Bg4 15. cxd5 cxd4 16. Nxd4 Rac8 17. Qb3 Bxe2 18. Nxe2 Qxd5 19. Rfc1 Qxb3 20. axb3 a6 21. Nf4 Rfd8 22. f3 h6 23. e4 Kf8 24. Kf1 Nd7 {½-½ (24) Ivanchuk,V (2768)-Alekseev,E (2659) Khanty-Mansiysk 2011}) 12... h6 $146 ({Predecessor:} 12... Re8 13. c4 cxd4 14. exd4 Nf8 15. Be3 {1-0 (44) Hammer,J (2610)-Cramling,P (2536) Malmo 2010}) 13. Bf4 Ndf6 14. c4 Re8 15. cxd5 cxd4 16. Nxd4 Qxd5 17. Rab1 a6 18. Rfd1 (18. f3 $16 Ng5 19. Rfd1) 18... Qc5 19. Qb3 b5 20. Rbc1 Qd5 21. Qa3 Bb7 22. f3 Ng5 23. Rc5 Qd8 24. Bc7 Qe7 25. Nf5 Qe6 26. h4 Ngh7 $18 (26... Bxf3 27. Rf1 (27. gxf3 Nxf3+ 28. Kh1 Nxh4 $16) (27. hxg5 Bxd1 28. gxf6 Qxf6 $14) 27... Be4) 27. Bc2 Nd5 28. Nd6 Nxe3 29. Bxh7+ Kxh7 30. Re1 Qg6 31. Rxe3 1-0

[Event "DEN-chT XtraCon 2018-19"]
[Site "Denmark"]
[Date "2019.03.17"]
[Round "9"]
[White "Skaanning-Pedersen, Kim Henrik"]
[Black "Sahl, Bjarke"]
[Result "1/2-1/2"]
[ECO "A05"]
[WhiteElo "2200"]
[BlackElo "2322"]
[Annotator "ChessBase"]
[PlyCount "35"]
[EventDate "2018.10.27"]
[EventType "team-tourn"]
[EventCountry "DEN"]
[SourceTitle "playchess.com"]
[Source "ChessBase"]
[SourceQuality "1"]
[TimeControl "40/5400+30:1800+30"]

1. Nf3 Nf6 2. c4 e6 3. g3 d5 4. Bg2 Be7 5. O-O O-O 6. b3 d4 7. Bb2 c5 8. b4 a5 9. b5 Qc7 10. d3 Nbd7 11. e4 dxe3 12. fxe3 Rb8 13. Qe2 b6 14. Nc3 Bb7 15. Rae1 Rbc8 16. Na4 Rfd8 17. Bh3 h6 18. e4 1/2-1/2

[Event "DEN-chT XtraCon 2018-19"]
[Site "Denmark"]
[Date "2019.03.17"]
[Round "9"]
[White "Grubert, Christian"]
[Black "Laursen, Niels"]
[Result "0-1"]
[ECO "B00"]
[WhiteElo "2161"]
[BlackElo "2126"]
[Annotator "NA"]
[PlyCount "74"]
[EventDate "2018.10.27"]
[EventType "team-tourn"]
[EventCountry "DEN"]
[SourceTitle "playchess.com"]
[Source "ChessBase"]
[SourceQuality "1"]
[TimeControl "40/5400+30:1800+30"]

1. e4 d6 2. Nf3 Nf6 3. d3 g6 4. g3 Bg7 5. Bg2 O-O 6. O-O c5 7. Qe2 Nc6 8. c3 Bg4 {[%emt 0:07:22] A05: Réti Opening: 1 Nf3 Nf6} 9. h3 Bxf3 10. Bxf3 Rb8 11. Rd1 Qc7 $146 ({Predecessor:} 11... Nd7 12. Be3 b5 13. a3 a5 14. Bg2 b4 15. axb4 axb4 16. f4 {½-½ (36) Beukema,S (2383)-Beerdsen,T (2428) Belgium 2018}) 12. Be3 b5 13. d4 Nd7 14. Na3 b4 15. Nc4 Na5 16. Rac1 Nxc4 17. Qxc4 bxc3 18. bxc3 Rb2 19. Bg2 Rc8 20. dxc5 Nxc5 21. Bd4 (21. Rb1 $15 Qb8 22. Rxb2 Qxb2 23. Rc1) 21... Ne6 22. Qxc7 Rxc7 23. Bxg7 Kxg7 24. e5 dxe5 25. Rd5 Nc5 26. Ra1 Kf6 27. c4 e6 28. Rd6 $19 Ke7 29. Rdd1 Rd7 30. Rxd7+ Kxd7 31. a3 f5 32. Re1 e4 33. Re3 Rb3 34. Rxb3 Nxb3 35. f3 exf3 36. Bxf3 Nd2 37. Be2 Kd6 0-1

[Event "DEN-chT XtraCon 2018-19"]
[Site "Denmark"]
[Date "2019.03.17"]
[Round "9"]
[White "Firooznia, Farzam"]
[Black "Seegert, Kristian"]
[Result "0-1"]
[ECO "B23"]
[WhiteElo "2104"]
[BlackElo "2227"]
[Annotator "NA"]
[PlyCount "120"]
[EventDate "2018.10.27"]
[EventType "team-tourn"]
[EventCountry "DEN"]
[SourceTitle "playchess.com"]
[Source "ChessBase"]
[SourceQuality "1"]
[TimeControl "40/5400+30:1800+30"]

1. e4 c5 2. Nc3 Nc6 3. f4 e6 4. Nf3 d5 5. Bb5 Nf6 6. Bxc6+ bxc6 7. d3 Be7 8. O-O O-O 9. Qe1 {[%emt 0:01:22] B23: Closed Sicilian: Lines without g3} c4 (9... Ba6 10. e5 Nd7 11. Qg3 f5 12. Kh1 Nb6 13. b3 c4 14. dxc4 dxc4 15. Rd1 Qc8 16. Bb2 c5 {0-1 (63) Hafiz,A (2324)-Karthikeyan,M (2580) New Delhi 2018}) 10. dxc4 (10. e5 $5 Nd7 11. dxc4 $11) 10... Ba6 11. Ne5 (11. e5 $11 Nd7 12. b3) 11... Bb4 12. exd5 cxd5 13. Bd2 $146 ({Predecessor:} 13. a3 Bc5+ 14. Kh1 dxc4 15. Be3 Qc7 16. Bxc5 Qxc5 {0-1 (24) Schenning,J-Den Boer,B (2335) Gent 1993}) 13... dxc4 14. Rd1 Qc7 15. Rf3 Rfd8 16. Rh3 Bb7 17. Kf1 Rd4 18. Nb5 $19 Bxg2+ 19. Kg1 Qb6 20. Nxd4 Bxd2 21. Rxd2 Bxh3 22. Nxc4 Qc5 23. Ne5 Bf5 24. c3 a5 25. Qe2 Nd5 26. Qf2 Bg6 27. f5 exf5 28. Nxf5 Qxf2+ 29. Kxf2 Bxf5 30. Rxd5 Be6 31. Rb5 Bxa2 32. b3 g6 33. Rb7 a4 34. bxa4 Rxa4 35. Rc7 Be6 36. Kg3 Kg7 37. c4 h5 38. c5 Kf6 39. Nc6 Rc4 40. Nd8 g5 41. Nxe6 Kxe6 42. c6 f6 43. Kg2 Kf5 44. Rh7 h4 45. c7 Kg4 46. Rd7 Rc2+ 47. Kg1 f5 48. Kf1 f4 49. Ke1 Kf3 50. Rd3+ Ke4 51. Rd7 Ke3 52. Re7+ Kf3 53. h3 g4 54. hxg4 h3 55. Rh7 Kg2 56. Rd7 Kg3 57. Kd1 Rc4 58. Rd3+ f3 59. Rd2 h2 60. Rc2 h1=Q+ 0-1

[Event "DEN-chT XtraCon 2018-19"]
[Site "Denmark"]
[Date "2019.03.17"]
[Round "9"]
[White "Dougherty, Thomas J S"]
[Black "Pedersen, Nicolai Kvist Brond"]
[Result "1/2-1/2"]
[ECO "A34"]
[WhiteElo "2075"]
[BlackElo "2298"]
[Annotator "NA"]
[PlyCount "86"]
[EventDate "2018.10.27"]
[EventType "team-tourn"]
[EventCountry "DEN"]
[SourceTitle "playchess.com"]
[Source "ChessBase"]
[SourceQuality "1"]
[TimeControl "40/5400+30:1800+30"]

1. c4 Nf6 2. Nc3 c5 3. g3 e6 4. Bg2 d5 5. cxd5 exd5 6. d3 d4 {[%emt 0:06:17] LiveBook: 10 Games} 7. Nb1 {[%emt 0:08:16] A34: Symmetrical English: 2 Nc3, lines with ...d5} Bd6 (7... Be7 8. Nf3 Nc6 9. O-O O-O 10. Bg5 Be6 11. Nbd2 Rc8 12. Rc1 Qb6 13. a4 h6 14. Bxf6 Bxf6 {½-½ (76) Mamedov,R (2636)-Sethuraman,S (2529) Moscow 2012}) 8. Nf3 O-O 9. O-O Nc6 10. Bg5 h6 $146 ({Predecessor:} 10... Re8 11. Nbd2 Bf5 12. Re1 h6 13. Bxf6 Qxf6 {0-1 (29) Brajovic,S (2250)-Popovic,S (2150) Yugoslavia 1999}) 11. Bxf6 Qxf6 12. Nbd2 Qe6 13. Rc1 Be7 ({Not} 13... Qxa2 $2 14. Nc4 $18) 14. Nb3 Qf5 15. Nfd2 Bd7 16. Be4 Qh5 17. Bf3 Qe5 18. Re1 Rfe8 19. Bg2 b6 20. Nf3 Qd6 21. a3 $17 Rad8 22. Nbd2 Qb8 23. Nc4 Be6 24. Qd2 Bd5 25. Rb1 Qc7 26. Qf4 Qxf4 27. gxf4 Bf6 28. b4 b5 29. Nce5 cxb4 30. Nxc6 Bxc6 31. axb4 Bb7 32. Kf1 Rc8 33. Ra1 a6 34. Ne5 Bxg2+ 35. Kxg2 Bxe5 36. fxe5 Rc6 37. f4 f6 38. Rec1 Rxc1 39. Rxc1 fxe5 40. fxe5 Rxe5 41. Kf2 Re6 42. Rc8+ Kf7 43. Rd8 Rf6+ 1/2-1/2

[Event "DEN-chT XtraCon 2018-19"]
[Site "Denmark"]
[Date "2019.03.17"]
[Round "9"]
[White "Hoffmann, Tobias"]
[Black "Vasli, Aref"]
[Result "1/2-1/2"]
[ECO "A61"]
[WhiteElo "2056"]
[BlackElo "2357"]
[Annotator "NA"]
[PlyCount "140"]
[EventDate "2018.10.27"]
[EventType "team-tourn"]
[EventCountry "DEN"]
[SourceTitle "playchess.com"]
[Source "ChessBase"]
[SourceQuality "1"]
[TimeControl "40/5400+30:1800+30"]

1. d4 Nf6 2. c4 e6 3. Nc3 c5 4. d5 exd5 5. cxd5 d6 6. Nf3 g6 7. Nd2 Bg7 8. Nc4 O-O 9. Bf4 Ne8 10. a4 {[%emt 0:01:11] A61: Modern Benoni: Nf3 without early e4} (10. Qd2 b6 11. e3 Ba6 12. a4 Nd7 13. Be2 Bxc4 14. Bxc4 a6 15. O-O Ne5 16. Be2 Nc7 17. Rab1 Qe7 18. b4 c4 {½-½ (32) Chakravarthi,R (2442)-Mareco,S (2645) Dubai 2018}) 10... Nd7 11. Bxd6 $146 ({Wrong is} 11. Nxd6 $2 Nxd6 12. Bxd6 Bxc3+ 13. bxc3 Qf6 $19 {[%mdl 64] Double Attack}) ({Predecessor:} 11. Qd2 Qe7 12. h4 b6 13. h5 Ba6 14. Nb5 Ne5 15. Bxe5 Bxe5 16. Ra3 Bxb5 17. axb5 Nf6 18. hxg6 fxg6 {1-0 (31) Bykhovsky,A (2396)-Nabaty,T (2504) Tel Aviv 2009}) 11... Nxd6 12. Nxd6 Qb6 13. Nc4 $2 (13. Ncb5 $11 {and White stays safe.}) 13... Qxb2 14. Nxb2 Bxc3+ 15. Qd2 Bxd2+ 16. Kxd2 Nf6 17. f3 Nxd5 18. e4 Nb4 19. a5 Rd8+ 20. Kc3 Be6 21. Be2 $19 Rd4 22. Rhd1 Na2+ 23. Kc2 Rb4 24. Rd3 Rd4 25. Kb1 Rxd3 26. Bxd3 Nb4 27. Be2 Rd8 28. Kc1 Kf8 29. Ra3 Ke7 30. Na4 Kd6 31. f4 Kc6 32. Re3 Rd4 33. Nb2 b5 34. axb6 axb6 35. g4 Na2+ 36. Kc2 Nb4+ 37. Kc1 Na2+ 38. Kc2 Nb4+ 39. Kc1 f6 40. h4 Na2+ 41. Kc2 Nb4+ 42. Kc1 Kd6 43. f5 gxf5 44. exf5 Bf7 45. Ra3 Bd5 46. h5 h6 47. Ra7 Re4 48. Kd2 Re7 49. Rxe7 Kxe7 50. Na4 Kd6 51. Nxb6 Bf7 52. Bb5 Nc6 53. Ke3 Ne5 54. Be2 Bb3 55. Nc8+ Kd7 56. Na7 Ba4 57. Ke4 Bc6+ 58. Nxc6 Kxc6 59. g5 hxg5 60. h6 Nf7 61. h7 Kd6 62. Bc4 Nh8 63. Bb3 Ke7 64. Kd5 g4 65. Ke4 Kf8 66. Kf4 Kg7 67. Bg8 c4 68. Bxc4 Kxh7 69. Kxg4 Ng6 70. fxg6+ Kxg6 1/2-1/2

[Event "DEN-chT XtraCon 2018-19"]
[Site "Denmark"]
[Date "2019.03.17"]
[Round "9"]
[White "Munk, Kai"]
[Black "Andersen, Ib Hother"]
[Result "0-1"]
[ECO "A05"]
[WhiteElo "1958"]
[BlackElo "2155"]
[Annotator "NA"]
[PlyCount "128"]
[EventDate "2018.10.27"]
[EventType "team-tourn"]
[EventCountry "DEN"]
[SourceTitle "playchess.com"]
[Source "ChessBase"]
[SourceQuality "1"]
[TimeControl "40/5400+30:1800+30"]

1. Nf3 Nf6 2. g3 d5 3. Bg2 c6 4. b3 Bg4 5. Bb2 Nbd7 6. d4 e6 7. Nbd2 Bd6 8. Ne5 Bf5 9. O-O O-O 10. Nxd7 {[%emt 0:05:16] D02: 1 d4 d5 2 Nf3 sidelines, including 2...Nf6 3 g3 and 2...Nf6 3 Bf4} (10. f3 Nxe5 11. dxe5 Bc5+ 12. Kh1 Nd7 13. e4 dxe4 14. fxe4 Bg6 15. h4 h6 16. Nc4 h5 17. a4 Qc7 {0-1 (84) Harvey,M (2341)-Colovic,A (2456) England 2015}) 10... Qxd7 11. Re1 a5 $146 ({Predecessor:} 11... Bb4 12. a3 Be7 13. Rc1 Rfd8 14. c4 {½-½ (70) Baron,I (2010)-Pitam,E (2323) Ramat Aviv/Modiin 2000}) 12. a4 Rfe8 13. e4 dxe4 14. Nxe4 Nxe4 15. Bxe4 Bxe4 16. Rxe4 Be7 17. Qe2 Bf6 18. Re1 c5 19. c3 cxd4 20. cxd4 {[%emt 0:00:05] [#]} Red8 (20... Qd5 $1 $17 21. Qc4 Red8) 21. Rc1 (21. d5 $11 Qxd5 22. Bxf6 gxf6 23. Rg4+ Kf8 24. Rf4) 21... Rac8 22. Rxc8 Rxc8 23. Qd3 Qd5 24. f4 g6 25. Re2 Rc6 26. Re3 h5 27. h3 Bg7 28. Qd1 Rd6 29. Kh2 Bxd4 30. Bxd4 Qxd4 31. Qxd4 Rxd4 32. Kg2 {[%emt 0:00:08] [#]} h4 $1 33. Rc3 Kg7 34. Kf3 hxg3 35. Kxg3 Kf6 36. h4 b6 $19 37. Kg4 Rb4 38. Re3 Ke7 39. Kg5 Rd4 40. Rc3 Rd5+ 41. Kg4 Kd7 42. Rc4 Rc5 43. Rd4+ Kc6 44. Rd8 Rf5 45. Rd4 b5 46. axb5+ Rxb5 47. Rc4+ Rc5 48. Ra4 Kb5 49. Rd4 Rf5 50. Re4 Kc6 51. Rc4+ Rc5 52. Ra4 Rb5 53. Rc4+ Kd6 54. Ra4 Ke7 55. Ra1 Kf6 56. Ra2 Kg7 57. Ra3 Kh6 58. Kg3 Kh5 59. Kh3 Rd5 60. Kg3 f5 61. b4 axb4 62. Rb3 Rb5 63. Rd3 b3 64. Rd8 Kh6 0-1